 Dungeon Crawl Stone Soup version 0.16-a0-3714-geb26cbe (webtiles) character file.

64 kroki the Chucker (level 3, -3/30 HPs)
             Began as a Minotaur Hunter on Jan 20, 2015.
             Shot with a stone by a goblin (5 damage)
             ... led by Robin
             ... on level 3 of the Dungeon.
             The game lasted 00:02:20 (1594 turns).

kroki the Chucker (Minotaur Hunter)                 Turns: 1594, Time: 00:02:20

Health: -3/30      AC:  4    Str: 21    XL:     3   Next: 91%
Magic:  2/2        EV: 12    Int: 13    God:
Gold:   85         SH:  0    Dex: 11    Spells: 0 memorised, 2 levels left

rFire  . . .     SeeInvis .     a - +0 short sword
rCold  . . .     Clarity  .     d - +1 leather armour
rNeg   . . .     SustAb   .     (no shield)
rPois  .         Gourm    .     (helmet restricted)
rElec  .         Spirit   .     (no cloak)
rCorr  .         Warding  .     (no gloves)
rMut   .         Stasis   .     (no boots)
MR     .....                    (no amulet)
Stlth  +.........               (no ring)
                                (no ring)

@: mighty, brilliant, not resistant to hostile enchantments, very unstealthy
A: retaliatory headbutt, horns 2
a: no special abilities


You were on level 3 of the Dungeon.
You were not hungry.

You visited 1 branch of the dungeon, and saw 3 of its levels.

You collected 85 gold pieces.

Inventory:

Hand weapons
 a - a +0 short sword (weapon)
Missiles
 p - 65 stones (quivered)
Armour
 d - a +1 leather armour (worn)
Jewellery
 r - a +4 ring of intelligence
   (You found it on level 2 of the Dungeon)
Magical devices
 o - a wand of polymorph (11)
   (You found it on level 2 of the Dungeon)
Scrolls
 e - 2 scrolls of remove curse
 h - a scroll of immolation {unknown}
 i - a scroll of recharging
 m - a scroll of blinking {unknown}
Potions
 j - a potion of might
 k - a potion of mutation {unknown}
 l - a potion of poison {unknown}
 n - 2 potions of restore abilities {unknown}
Comestibles
 f - a bread ration
 g - 2 beef jerkies


   Skills:
 - Level 2.4 Fighting
 + Level 5.5 Throwing
 - Level 2.1 Dodging
 - Level 0.7 Stealth


You had 2 spell levels left.
You didn't know any spells.


Innate Abilities, Weirdness & Mutations

You reflexively headbutt those who attack you in melee.
You have a pair of horns on your head.

Dungeon Overview and Level Annotations

Branches:
Dungeon (3/15)

Altars:
Ashenzari

#...# ##...##
#######..#.###.....#
#.......##...#.....#
#......###...†.....#
#....<.....#.#.....#
......###.#####.##...##
... ####.#
#..##..####..# .
#....######)............
...(....gg)@(##.....#...
#.###..g###.#.....##
.#.#####(###...#.####
........g.....#.....#.
........(..#.†........
.#.g.).#..............
#g....###.#.........
.g.... #...........
..(.. ............


You could see 3 goblins.


Message History

You closely miss the hobgoblin.
The hobgoblin hits you but does no damage.
You hit the hobgoblin. You headbutt the hobgoblin.
You kill the hobgoblin!
The goblin unwields an uncursed dagger.
The goblin wields a hunting sling.
The goblin shoots a stone.
The stone barely misses you.
The goblin unwields an uncursed hunting sling.
The goblin wields an uncursed dagger.
The goblin hits you but does no damage.
Items here: ( )))) [[ ††† The goblin unwields an uncursed dagger.
The goblin wields an uncursed hunting sling.
The goblin shoots a stone.
The stone hits you.
* * * LOW HITPOINT WARNING * * *
You see here a stone.
You take 2 damage.
You swing at nothing.
You swing at nothing.
The goblin shoots a stone.
The stone hits you.
* * * LOW HITPOINT WARNING * * *
You take 5 damage.
Drink which item? (? for menu, Esc to quit)
It was a potion of brilliance.
You feel clever all of a sudden.
The goblin shoots a stone.
The stone hits you.
* * * LOW HITPOINT WARNING * * *
You take 2 damage.
Drink which item? (? for menu, Esc to quit)
It was a potion of might.
You feel very mighty all of a sudden.
The goblin shoots a stone.
The stone hits you.
You die...

Notes
Turn   | Place    | Note
--------------------------------------------------------------
     0 | D:1      | kroki, the Minotaur Hunter, began the quest for the Orb.
     0 | D:1      | Reached XP level 1. HP: 18/18 MP: 1/1
   229 | D:1      | Reached XP level 2. HP: 20/25 MP: 1/1
   589 | D:2      | Found a shattered altar of Ashenzari.
   873 | D:2      | Reached skill level 5 in Throwing
   873 | D:2      | Reached XP level 3. HP: 25/30 MP: 2/2
  1559 | D:3      | Noticed Robin
  1580 | D:3      | Killed Robin
  1594 | D:3      | Shot with a stone by a goblin

Vanquished Creatures
  Robin (D:3)
  2 adders (D:2)
  A bat zombie (D:3)
  5 hobgoblins
  2 jackals (D:1)
  2 kobolds
  A quokka (D:2)
  7 bats
  A giant cockroach (D:3)
  A giant gecko (D:2)
  6 giant newts
  8 goblins
  3 rats
40 creatures vanquished.

Action                   || total
-------------------------++-------
Melee: Short sword       ||    35
Throw: Javelin           ||    67
       Throwing net      ||     2
  Use: Scroll            ||     7
       Potion            ||     2
  Eat: Bread ration      ||     1

Vault maps used:
D:1:      sevenhm_arrival_forest_fort_large_2
D:2:      grunt_ministairs_1, ashenzari_altar_1
D:3:      led_sif_book, first_bread, trog_hazing_becter, uniq_robin, uniq_iyjb,
          uniq_sigmund
